 Dungeon Crawl Stone Soup version 0.24-a0-70-gf44d0c5 (webtiles) character file.

Game seed: 14646803827017735630

47 Kairos the Conjurer (level 3, -6/16 HPs)
             Began as a Vine Stalker Conjurer on Feb 6, 2019.
             Mangled by a worm (9 damage)
             ... on level 2 of the Dungeon.
             The game lasted 00:04:27 (2201 turns).

Kairos the Conjurer (Vine Stalker Conjurer)         Turns: 2201, Time: 00:04:27

Health: -6/16      AC:  3    Str: 11    XL:     3   Next: 70%
Magic:  0/8        EV: 12    Int: 15    God:
Gold:   74         SH:  0    Dex: 14    Spells: 6/7 levels left

rFire    . . .     SeeInvis .   g - +0 club
rCold    . . .     Gourm    .   (no shield)
rNeg     . . .     Faith    .   a - +1 robe
rPois    .         Spirit   +   (no helmet)
rElec    .         Reflect  .   (no cloak)
rCorr    .         Harm     .   (no gloves)
MR       .....                  (no boots)
Stlth    ++........             (no amulet)
HPRegen  0.05/turn              (no ring)
MPRegen  0.11/turn              (no ring)

@: no status effects
A: fangs 2, magic shield, antimagic bite, no potion heal 3, rot immunity
a: no special abilities


You were on level 2 of the Dungeon.
You were hungry.

You visited 1 branch of the dungeon, and saw 2 of its levels.

You collected 74 gold pieces.

Inventory:

Hand Weapons
 b - a +0 hand crossbow
 g - a +0 club (weapon)
Missiles
 e - 9 poisoned needles
 f - 4 tomahawks (quivered)
Armour
 a - a +1 robe (worn)
Wands
 m - a wand of flame (18)
Scrolls
 d - 2 scrolls of remove curse
 j - a scroll of identify {unknown}
 k - a scroll of enchant armour
Potions
 h - a potion of brilliance {unknown}
 i - a potion of haste {unknown}
Comestibles
 c - 9 rations


   Skills:
 + Level 1.6 Dodging
 + Level 2.6 Stealth
 + Level 2.6 Spellcasting
 + Level 4.9 Conjurations


You had 6 spell levels left.
You knew the following spells:

 Your Spells              Type           Power        Failure   Level  Hunger
a - Magic Dart            Conj           ###.         2%          1    #......

Your spell library contained the following spells:

 Spells                   Type           Power        Failure   Level  Hunger
 Searing Ray              Conj           ###...       4%          2    ##.....
 Dazzling Spray           Conj/Hex       #.....       22%         3    ###....
 Iskenderun's Mystic Bla  Conj           ###.....     26%         4    #####..
 Force Lance              Conj/Tloc      #.......     58%         4    #####..
 Fulminant Prism          Conj/Hex       #.........   58%         4    #####..


Dungeon Overview and Level Annotations

Branches:
Dungeon (2/15)

Altars:


Innate Abilities, Weirdness & Mutations

You have extremely sharp teeth.
When hurt, damage is shared between your health and your magic reserves.
Your bite disrupts and absorbs the magic of your enemies.
Potions cannot restore your health.
You are immune to rotting.


Message History

Aim: a worm (severely wounded)
You throw a tomahawk. The tomahawk hits the worm.
The worm is almost dead.
Throwing (i - inventory)
f - 6 tomahawks (quivered)
Press: ? - help, Shift-Dir - straight line, f/p - worm
Aim: a worm (severely wounded)
You throw a tomahawk. The tomahawk hits the worm.
The worm is almost dead.
Throwing (i - inventory)
f - 5 tomahawks (quivered)
Press: ? - help, Shift-Dir - straight line, f/p - worm
Aim: a worm (severely wounded)
You throw a tomahawk. The tomahawk hits the worm.
The worm is almost dead.
The worm bites you!
* * * LOW HITPOINT WARNING * * *
You hit the worm. Your bite misses the worm.
The worm is almost dead.
The worm bites you!
Ouch! That really hurt!
You die...

#........####..............######
.................#.#########
#.#.##...###...#.#.#
...[##.............# #######
#.####..####...#.### ###......
#.# #..# ##.##(# #.'.≈≈≈≈.
#.####..# #.##(# #.#......
#.......# #.##w# ##.#######
######.######.##@#######..# #.#
#.#......##.........## #.#
#.#.#############.### #.#
#.#.##.## #.## #.# #.#.#.#.##
#.÷# #.# #......#.## ##)# #.#
###...#.##.## #.# #.#
##.(.#.....#.# #)# #.#
####......#.#..## #.# #.#


You could see a worm.

Vanquished Creatures
  An adder (D:2)
  A worm (D:2)
  2 dart slugs
  2 leopard geckos (D:2)
  2 giant cockroaches (D:1)
  3 goblins
  7 hobgoblins
  2 bats (D:1)
  4 frilled lizards
  A kobold (D:2)
  4 rats
29 creatures vanquished.

Notes
Turn   | Place    | Note
-------+----------+-------------------------------------------
     0 | D:1      | Kairos the Vine Stalker Conjurer began the quest for the
                  | Orb.
     0 | D:1      | Reached XP level 1. HP: 9/9 MP: 4/4
   180 | D:1      | Reached XP level 2. HP: 4/13 MP: 0/6
  1427 | D:2      | Reached XP level 3. HP: 16/16 MP: 1/7
  2201 | D:2      | Mangled by a worm

Vault maps used:
D:1:      nzn_arrival_crosshair, layout_basic, st_stairs_1
D:2:      layout_loops_ring, dk_vineyard_2

Action                   || total
-------------------------++-------
Melee: Unarmed           ||     6
       Bite              ||     2
       Club              ||    18
Throw: Tomahawk          ||     4
 Cast: Magic Dart        ||    77
  Use: Scroll            ||     3
  Eat: Chunk             ||     4
Armor: Robe              ||     3
Dodge: Dodged            ||    19

Table legend:
 A = Non-vault XP
 B = Vault XP
 C = Vault XP percentage of total XP
 D = Non-vault monster count
 E = Vault monster count
 F = Vault count percentage of total count
                 A         B        C        D         E       F
            +---------+---------+-------+---------+---------+-------
      Total |      65 |       3 |   4.4 |      27 |       2 |   6.9
            +---------+---------+-------+---------+---------+-------
        D:1 |      20 |       3 |  13.0 |      11 |       2 |  15.4
        D:2 |      45 |       0 |   0.0 |      16 |       0 |   0.0
            +---------+---------+-------+---------+---------+-------
